 Dungeon Crawl Stone Soup version 0.25-a0-253-g6f1b5d974a (webtiles) character file.

Game seed: 268001030031671928, levelgen mode: classic

189 Borgoz the Skirmisher (level 5, -7/33 HPs)
             Began as a Gargoyle Monk on Dec 5, 2019.
             Mangled by an ogre
             ... wielding a +0 giant club
              (13 damage)
             ... on level 4 of the Dungeon.
             The game lasted 00:05:18 (2933 turns).

Borgoz the Skirmisher (Gargoyle Monk)               Turns: 2933, Time: 00:05:19

Health: -7/33      AC:  9    Str: 16    XL:     5   Next: 68%
Magic:  5/5        EV: 12    Int: 10    God:
Gold:   216        SH:  0    Dex: 12    Spells: 4/4 levels left

rFire    . . .     SeeInvis .   a - +0 falchion
rCold    . . .     Gourm    .   (no shield)
rNeg     + . .     Faith    .   n - +0 ring mail (curse)
rPois    ∞         Spirit   .   (no helmet)
rElec    +         Reflect  .   (no cloak)
rCorr    .         Harm     .   (no gloves)
MR       .....                  (no boots)
Stlth    +.........             (no amulet)
HPRegen  0.11/turn              (no ring)
MPRegen  0.09/turn              (no ring)

@: no status effects
A: negative energy resistance 1, electricity resistance, unbreathing,
petrification resistance, rot immunity, AC +4
a: no special abilities


You were on level 4 of the Dungeon.
You were not hungry.

You visited 1 branch of the dungeon, and saw 4 of its levels.

You collected 216 gold pieces.

Inventory:

Hand Weapons
 a - a +0 falchion (weapon)
Armour
 n - a cursed +0 ring mail (worn)
Scrolls
 b - a scroll of blinking {unknown}
 e - 2 scrolls of fear {unknown}
 f - 3 scrolls of fog {unknown}
 h - a scroll of immolation {unknown}
 k - a scroll of magic mapping {unknown}
 l - a scroll of identify
 m - 3 scrolls of enchant weapon {unknown}
 p - a scroll of remove curse {unknown}
Potions
 g - 2 potions of mutation
 i - a potion of degeneration {unknown}
 j - 2 potions of curing
 o - a potion of might {unknown}
Comestibles
 c - 4 rations
 d - 5 chunks of flesh


   Skills:
 + Level 4.1 Fighting
 * Level 4.1 Long Blades
 + Level 2.3 Armour
 + Level 3.0 Dodging
 - Level 2.1 Stealth


You had 4 spell levels left.
You didn't know any spells.
Your spell library was empty.

Dungeon Overview and Level Annotations

Branches:
Dungeon (4/15)
 Temple: D:4-7

Altars:


Innate Abilities, Weirdness & Mutations

You are resistant to torment.
Your stone body is resilient. (AC +4)
You are immune to poison.
You resist negative energy. (rN+)
You are resistant to electric shocks. (rElec)
You can survive without breathing.
You are immune to petrification.
You are immune to rotting.


Message History

The ogre is lightly wounded.
The ogre barely misses you.
You riposte.
You hit the ogre.
The ogre is moderately wounded.
You hit the ogre but do no damage.
The ogre is moderately wounded.
You hit the ogre.
The ogre is heavily wounded.
The ogre closely misses you.
You riposte.
You hit the ogre.
The ogre is heavily wounded.
You slash the ogre!
The ogre is severely wounded.
The ogre misses you.
You hit the ogre.
The ogre is almost dead.
The ogre hits you with a +0 giant club!
* * * LOW HITPOINT WARNING * * *
You hit the ogre.
The ogre is almost dead.
The ogre hits you with a +0 giant club!
You die...

...###>#.......#
.................
......S.#..####$
.###...##..#
#.......###
#..........## #
#..#..##S#..# .###
....##.
#O##.#####...###
##.
##.#@##..##<.......
#....##...........
#
###....##.........
. #.##............
..####.#........
.## #.......... ##
. ###........ .. ..
##..##### .. #.#


You could see an ogre and an adder.

Vanquished Creatures
  2 orc wizards (D:3)
  6 adders
  An ooze (D:2)
  4 worms
  3 leopard geckos
  2 orcs (D:3)
  5 giant cockroaches
  3 goblins
  6 hobgoblins
  5 jackals
  5 kobolds
  A ball python (D:2)
  7 bats
  3 frilled lizards
  A jackal skeleton (D:4)
  6 rats
60 creatures vanquished.

Notes
Turn   | Place    | Note
-------+----------+-------------------------------------------
     0 | D:1      | Borgoz the Gargoyle Monk began the quest for the Orb.
     0 | D:1      | Reached XP level 1. HP: 14/14 MP: 1/1
    86 | D:1      | Reached XP level 2. HP: 6/19 MP: 2/2
   888 | D:2      | Reached skill level 1 in Armour
   892 | D:2      | Reached XP level 3. HP: 14/23 MP: 3/3
  1086 | D:2      | You fall into a shaft and drop 1 floor!
  1255 | D:2      | Reached XP level 4. HP: 27/29 MP: 4/4
  1289 | D:2      | Found a faded altar of an unknown god.
  2146 | D:3      | Reached XP level 5. HP: 32/33 MP: 5/5
  2697 | D:4      | Noticed an ogre
  2908 | D:4      | Noticed an ogre
  2933 | D:4      | Mangled by an ogre

Levels and vault maps discovered:
D:1:      grunt_arrival_crossed_arrows, layout_basic, serial_glass,
          glass_columns_a, glass_columns_c
D:2:      layout_loops_ring, chequers_ecumenical_altar_simple_redux,
          first_ration, minmay_split_cup_small
D:3:      layout_basic
D:4:      layout_rooms, vehumet_statue, gammafunk_ghost_stat_death,
          minmay_circle_x, uniq_duvessa, uniq_ijyb

Skill      XL: |  1  2  3  4  5 |
---------------+----------------+-----
Long Blades    | 3 4 |  4.1
Armour         | 1 2 |  2.3
Fighting       | 4 |  4.1
Dodging        | 3 |  3.0
Stealth        | |  2.1

Action                   |  1- 3 |  4- 6 || total
-------------------------+-------+-------++-------
Melee: Falchion          |    99 |   119 ||   218
  Use: Scroll            |     1 |       ||     1
       Potion            |       |     1 ||     1
 Stab: Sleeping          |     5 |     1 ||     6
  Eat: Chunk             |     1 |     6 ||     7
Armor: Robe              |    27 |     8 ||    35
       Ring mail         |       |    54 ||    54
Dodge: Dodged            |    82 |    81 ||   163
       Rpst.: Falchion   |    28 |    33 ||    61

Table legend:
 A = Non-vault XP
 B = Vault XP
 C = Vault XP percentage of total XP
 D = Non-vault monster count
 E = Vault monster count
 F = Vault count percentage of total count
                 A         B        C        D         E       F
            +---------+---------+-------+---------+---------+-------
      Total |     266 |       4 |   1.5 |      57 |       3 |   5.0
            +---------+---------+-------+---------+---------+-------
        D:1 |      26 |       0 |   0.0 |      15 |       0 |   0.0
        D:2 |      81 |       4 |   4.7 |      20 |       3 |  13.0
        D:3 |     158 |       0 |   0.0 |      21 |       0 |   0.0
        D:4 |       1 |       0 |   0.0 |       1 |       0 |   0.0
            +---------+---------+-------+---------+---------+-------
